 Dungeon Crawl Stone Soup version 0.29-a0-775-g4d7333d4e2 (webtiles) character file.

Game seed: 34157265129539112

151 purpskrrrp the Shooter (level 5, -10/50 HPs)
             Began as a Troll Hunter on July 2, 2022.
             Killed by an exploding orc wizard (26 damage)
             ... ignited by their inner flame
             ... on level 3 of the Dungeon.
             The game lasted 00:15:07 (1903 turns).

purpskrrrp the Shooter (Troll Hunter)               Turns: 1903, Time: 00:15:08

Health: -10/50     AC:  6    Str: 21    XL:     5   Next: 10%
Magic:  4/4        EV: 10    Int:  5    God:
Gold:   96         SH:  0    Dex: 13    Spells: 4/4 levels left

rFire   . . .      SeeInvis .   a - +1 shortbow
rCold   . . .      Faith    .   (shield currently unavailable)
rNeg    . . .      Spirit   .   c - +0 robe
rPois   .          Reflect  .   i - +2 hat
rElec   .          Harm     .   (no cloak)
rCorr   .          Rampage  .   (gloves unavailable)
Will    .....                   (boots unavailable)
Stlth   +.........              k - amulet of magic regeneration
HPRegen 0.96/turn               f - ring of wizardry
MPRegen 0.49/turn               (no ring)

@: confused
A: large, unfitting armour, claws 3, regeneration 1, shaggy fur 1, tough skin 1
a: no special abilities


You were on level 3 of the Dungeon.
You visited 1 branch of the dungeon, and saw 4 of its levels.

You collected 96 gold pieces.

Inventory:

Hand Weapons
 a - a +1 shortbow (weapon)
Missiles
 p - 3 boomerangs
Armour
 c - a +0 robe (worn)
 i - a +2 hat (worn)
Jewellery
 f - a ring of wizardry (left claw)
 k - an amulet of magic regeneration (around neck)
Scrolls
 b - a scroll of immolation
 d - a scroll of vulnerability {unknown}
 e - a scroll of poison {unknown}
 g - a scroll of teleportation
 n - a scroll of magic mapping {unknown}
Potions
 h - 3 potions of curing
 j - 2 potions of flight {unknown}
 l - 2 potions of might {unknown}
 m - a potion of degeneration {unknown}
 o - a potion of mutation {unknown}
 q - a potion of lignification {unknown}


   Skills:
 + Level 2.4 Fighting
 + Level 4.0 Ranged Weapons
 + Level 1.8 Dodging
 + Level 0.4 Stealth


You had 4 spell levels left.
You didn't know any spells.
Your spell library contained the following spells:

 Spells                   Type           Power      Damage    Failure   Level
 Ensorcelled Hibernation  Hex/Ice        0%         N/A       32%         2
 Passwall                 Tmut/Erth      0%         N/A       32%         2
 Swiftness                Air            0%         N/A       52%         3


Dungeon Overview and Level Annotations

Branches:
Dungeon (4/15)
 Temple: D:4-7

Altars:

Shops:
D:2 *


Innate Abilities, Weirdness & Mutations

You are too large for most types of armour.
You have claws for hands.
Your natural rate of healing is unusually fast.
You are covered in fur. (AC +1)
You have tough skin. (AC +1)


Message History

As you read the scroll of immolation, it crumbles to dust.
The creatures around you are filled with an inner flame!
The orc misses you. Something hits you but does no damage.
You hear some strange, mumbled words.
You are confused.
You're too confused to move!
Something hits you. The orc hits you with a +0 flail.
Something hits you but does no damage.
You are too confused!
You are too confused!
Something hits you but does no damage. Something hits you.
The orc hits you with a +0 flail.
You hear some strange, mumbled words.
You are more confused.
You hear some strange, mumbled words.
A magic dart appears from out of thin air!
The magic dart hits you.
A magic dart appears from out of thin air!
The magic dart hits you.
Non-targeted confused fire: a) +1 shortbow
Press: ? - help, Q - select action, (/) - cycle Dir - look around, f - activate Look: an orc, wielding a +0 flail and wearing a +0 leather armour (inner flame)
You shoot an arrow. The orc hits you with a +0 flail.
Something hits you but does no damage.
You barely miss something. The orc hits you with a +0 flail.
Something hits you. x2
* * * LOW HITPOINT WARNING * * *
You're too confused to move!
The orc barely misses you.
Something hits you but does no damage. x2
Something hits you.
* * * LOW HITPOINT WARNING * * *
The orc barely misses you.
You hear some strange, mumbled words.
A puff of flame appears from out of thin air!
The puff of flame hits something!
Reactivating autopickup.
You feel a bit more experienced.
The orc wizard explodes!
The fiery explosion engulfs you!!
Ouch! That really hurt!
You die...

#......# #.####.# #.# #.#
.. #.# #.# ..## #.# #.####
...# #'####....###### ...#
# ....####.......# #..#.#
....# #..####.####..#.####
.# ....#
#........@§{........ ..
....# #>.....)..o.........
.{
#'#######.####)#.....#.###
.# #.#.......####......##
# #.'.....>.........#..# #
###.......#######.#..# #
#.......##.........#
#....# #
###.......##........##
#..... #
..#....†..##.........#
#....# #


You could see an orc (inner flame).

Vanquished Creatures
  Terence (D:3)
  An orc wizard (D:3)
  An adder (D:2)
  2 worms (D:2)
  2 dart slugs
  5 orcs (D:3)
  9 bats
  3 endoplasms
  4 giant cockroaches
  6 goblins
  5 hobgoblins
  4 jackals (D:3)
  2 quokkas
  7 ball pythons
  6 frilled lizards
  6 kobolds
  13 rats
77 creatures vanquished.

Vanquished Creatures (others)
  An orc wizard (D:3)
1 creature vanquished.

Grand Total: 78 creatures vanquished

Notes
Turn   | Place    | Note
-------+----------+-------------------------------------------
     0 | D:1      | purpskrrrp the Troll Hunter began the quest for the Orb.
     0 | D:1      | Reached XP level 1. HP: 19/19 MP: 0/0
    94 | D:1      | Reached XP level 2. HP: 28/28 MP: 1/1
   133 | D:1      | Reached skill level 3 in Ranged Weapons
   385 | D:1      | You fall into a shaft and drop 1 floor!
   460 | D:2      | Reached XP level 3. HP: 35/35 MP: 2/2
   536 | D:3      | Noticed Terence
   557 | D:3      | Killed Terence
   626 | D:3      | Found a faded altar of an unknown god.
   648 | D:3      | Reached XP level 4. HP: 42/42 MP: 3/3
   899 | D:2      | Found Waghog's Assorted Antiques.
  1819 | D:3      | Reached skill level 4 in Ranged Weapons
  1819 | D:3      | Reached XP level 5. HP: 18/50 MP: 4/4
  1903 | D:3      | Killed by an exploding orc wizard... ignited by their inner
                  | flame

Illustrated notes

Levels and vault maps discovered:
D:1:      kennysheep_arrival_seaside, layout_basic
D:2:      layout_loops_corners, serial_shops, shop
D:3:      layout_basic, chequers_ecumenical_altar_island, minmay_misc_feat_iff,
          chequers_serial_rivers_micro_e, kennysheep_cluttered_room,
          minmay_liquid_box, kennysheep_jessica_study, uniq_terence
D:4:      layout_rooms, yredelemnul_forgotten_temple_becter, trog_hazing_becter,
          temple_statues, corexii_hall_statues_x

Skill      XL: |  1  2  3  4 |
---------------+-------------+-----
Ranged Weapons | 3 4 |  4.0
Fighting       | 2 |  2.4
Dodging        | |  1.8
Stealth        | |  0.4

Action                   |  1- 3 |  4- 6 || total
-------------------------+-------+-------++-------
Melee: Shortbow          |       |     1 ||     1
 Fire: Shortbow          |   119 |   124 ||   243
  Use: Scroll            |       |     6 ||     6
Armor: Robe              |    29 |    37 ||    66
Dodge: Dodged            |    57 |    26 ||    83

Table legend: (Time is in decaauts)
 A = Elapsed time spent in this place.
 B = Non-inter-level travel time spent in this place.
 C = Inter-level travel time spent in this place.
 D = Time resting spent in this place.
 E = Time spent auto-exploring this place.
 F = Levels seen in this place.
 G = Mean time per level.
                   A        B        C        D        E       F      G
               +--------+--------+--------+--------+--------+-----+--------+
         Total |   1987 |   1896 |     91 |      0 |   1319 |   4 |  496.8 |
       Dungeon |   1987 |   1896 |     91 |      0 |   1319 |   4 |  496.8 |
               +--------+--------+--------+--------+--------+-----+--------+

Top non-repeatable levels by time:
     D:2: 716 daAuts
     D:1: 621 daAuts
     D:3: 556 daAuts
     D:4: 92 daAuts
